AoeStats
← NuMa | Gacha

Nomad

510187865Analyzed
2v2 RM · 3d ago on Sep 29, 2026· 43m 18s· 4 players
Game mode
Random Map
Map size
176×176
Population
200
Speed
Normal
Resources
Standard
Victory
Conquest
Starting age
Dark Age
Ending age
Imperial Age
RankedLock teamsTeams togetherTeam positionsShared explorationLock speedFull tech treeHidden civsTurbo modeCheats
Victory
Defeat
🇨🇴 Koreans · Colombia
1071
+10
🇨🇱 Japanese · Chile
1016
+12
🇹🇷 Japanese · Türkiye
939
-11
🇺🇸 Byzantines · United States
922
-11
NuMa | Gacha
5:49 Loom
13:47 Feudal Age
19:36 Man-at-Arms
22:13 Fletching
23:18 Forging
26:51 Castle Age
25:09 Scale Mail Armor
25:06 Double-Bit Axe
26:51 Stone Mining
38:03 Bodkin Arrow
43:19 Wheelbarrow
GERMANICO7222
3:29 Loom
15:30 Feudal Age
16:06 Feudal Age
17:33 Double-Bit Axe
17:44 Gold Mining
18:14 Fishing Lines
26:04 Castle Age
25:55 Scale Barding Armor
26:00 Forging
27:33 Wheelbarrow
27:08 Gillnets
29:18 Medium Warships
32:39 Horse Collar
34:36 Bloodlines
34:26 Husbandry
36:03 Husbandry
36:26 Chain Barding Armor
38:51 Iron Casting
38:52 Bow Saw
38:46 Heavy Plow
38:40 Stone Mining
39:16 Hand Cart
38:47 Town Watch
Cottager
11:39 Loom
17:14 Feudal Age
26:13 Castle Age
24:59 Fletching
26:48 Crossbowman
27:56 Medium Warships
27:29 Pikeman
34:18 Scale Mail Armor
43:02 Imperial Age
40:36 Bodkin Arrow
40:41 Padded Archer Armor
40:51 Thumb Ring
41:25 Thumb Ring
TidierCast1585
4:12 Loom
14:29 Feudal Age
14:58 Man-at-Arms
18:14 Fishing Lines
22:54 Castle Age
21:44 Double-Bit Axe
23:47 Horse Collar
30:55 Scale Mail Armor
33:33 Squires
33:19 Arson
34:25 Bow Saw
35:24 Gillnets
37:24 Forging
42:48 Chain Mail Armor
Connection lost

Rejoining the realm…

Still unreachable

The connection could not be restored.

Session expired

The server has moved on; the page needs a fresh start.